 Dungeon Crawl Stone Soup version 0.20-a0-204-ge9bc5e3 (webtiles) character file.

363 ChaseSP the Ruffian (level 6, -9/59 HPs)
             Began as a Troll Monk on Nov 25, 2016.
             Mangled by Duvessa
             ... wielding a +0 short sword
              (15 damage)
             ... on level 4 of the Dungeon.
             The game lasted 00:02:56 (1469 turns).

ChaseSP the Ruffian (Troll Monk)                    Turns: 1469, Time: 00:02:57

Health: -9/59      AC:  5    Str: 22    XL:     6   Next: 39%
Magic:  5/5        EV: 10    Int:  6    God:
Gold:   238        SH:  0    Dex: 12    Spells: 5/5 levels left

rFire  . . .     SeeInvis .       - Unarmed
rCold  . . .     Gourm    +     a - +0 robe
rNeg   . . .     Faith    .     (no shield)
rPois  .         Spirit   .     m - +0 hat
rElec  .         Reflect  .     (no cloak)
rCorr  .         Harm     .     (gloves unavailable)
MR     .....                    (boots unavailable)
Stlth  ++........               (no amulet)
                                (no ring)
                                (no ring)

@: no status effects
A: unfitting armour, claws 3, fast metabolism 3, gourmand, regeneration 1,
shaggy fur 1, tough skin 2
a: no special abilities


You were on level 4 of the Dungeon.
You were completely stuffed.

You visited 1 branch of the dungeon, and saw 4 of its levels.

You collected 238 gold pieces.

Inventory:

Armour
 a - a +0 robe (worn)
 m - a +0 hat (worn)
Scrolls
 c - a scroll of amnesia {unknown}
 e - 3 scrolls of teleportation {unknown}
 g - a scroll of recharging {unknown}
 i - 2 scrolls of remove curse {unknown}
 k - a scroll of random uselessness {unknown}
 r - a scroll of fog {unknown}
Potions
 d - a potion of cure mutation {unknown}
 h - a potion of flight
 j - a potion of resistance {unknown}
 l - 2 potions of invisibility
 n - a potion of haste
 p - a potion of lignification {unknown}
 q - a potion of cancellation {unknown}
Comestibles
 b - 6 bread rations
 o - a beef jerky


   Skills:
 - Level 2.4 Fighting
 + Level 2.6 Dodging
 - Level 1.0 Stealth
 + Level 7.1 Unarmed Combat


You had 5 spell levels left.
You didn't know any spells.

Dungeon Overview and Level Annotations

Branches:
Dungeon (4/15)
 Temple: D:4-7

Altars:
Gozag
Sif Muna

Annotations:
D:4 Duvessa


Innate Abilities, Weirdness & Mutations

You are too large for most types of armour.
You have claws for hands.
Your metabolism is lightning-fast.
You like to eat raw meat.
Your natural rate of healing is unusually fast.
You are covered in fur. (AC +1)
You have very tough skin. (AC +2)


Message History

Dowan hits you with a dagger.
You claw Dowan!
You kill Dowan!
Duvessa screams in rage.
Duvessa goes berserk!
Duvessa misses you. The quokka barely misses you.
You scratch Duvessa.
Duvessa is moderately wounded.
Duvessa barely misses you.
The quokka bites you but does no damage.
Duvessa hits you with a short sword!
* * * LOW HITPOINT WARNING * * *
You completely miss Duvessa.
Duvessa is moderately wounded.
Duvessa hits you with a short sword!
* * * LOW HITPOINT WARNING * * *
The quokka barely misses you.
You barely miss Duvessa.
Duvessa is moderately wounded.
Duvessa hits you with a short sword!
You die...

#...(..........
#.###.###...... #.#
#.# ##[#### # #.# #.#
#<#### #.#####.###.#
#...).
#...........#########
#.....$......# #
###.##.#.#####.#
#...r@.#.# .#
#...e).#.# #
.........#..
###......#.#
#......##. ###.##.# #
#. #.# .. ..


You could see Duvessa (berserk) and a quokka.

Vanquished Creatures
  An orc warrior (D:3)
  Dowan (D:4)
  An orc priest (D:4)
  2 orc wizards
  A worker ant (D:3)
  4 adders (D:2)
  3 oozes
  2 worms
  2 dart slugs (D:1)
  4 leopard geckos
  5 orcs
  2 giant cockroaches (D:1)
  6 goblins
  4 hobgoblins
  7 bats
  4 frilled lizards
  6 kobolds
  5 rats
60 creatures vanquished.

Notes
Turn   | Place    | Note
-------+----------+-------------------------------------------
     0 | D:1      | ChaseSP the Troll Monk began the quest for the Orb.
     0 | D:1      | Reached XP level 1. HP: 22/22 MP: 0/0
   107 | D:1      | Reached XP level 2. HP: 27/29 MP: 1/1
   119 | D:1      | Reached skill level 4 in Unarmed Combat
   213 | D:1      | Reached XP level 3. HP: 36/36 MP: 2/2
   565 | D:2      | Reached XP level 4. HP: 44/44 MP: 3/3
   574 | D:2      | Reached skill level 5 in Unarmed Combat
  1002 | D:3      | Found an opulent altar of Gozag.
  1121 | D:3      | Found a deep blue altar of Sif Muna.
  1325 | D:4      | Noticed an orc warrior
  1331 | D:3      | Reached XP level 5. HP: 45/50 MP: 4/4
  1343 | D:3      | Killed an orc warrior
  1343 | D:3      | Reached skill level 6 in Unarmed Combat
  1406 | D:4      | Reached XP level 6. HP: 59/59 MP: 5/5
  1420 | D:4      | Reached skill level 7 in Unarmed Combat
  1453 | D:4      | Noticed Dowan
  1454 | D:4      | Noticed Duvessa
  1466 | D:4      | Killed Dowan
  1469 | D:4      | Mangled by Duvessa

Vault maps used:
D:1:      dpeg_arrival_castle
D:2:      first_bread
D:3:      lemuel_blue_sif_altar, nicolae_gozag_cash_rules_everything_around_me
D:4:      lemuel_statue_altar, uniq_duvessa

Skill      XL: |  1  2  3  4  5  6 |
---------------+-------------------+-----
Unarmed Combat | 4 5 6 7 |  7.1
Fighting       | |  2.4
Dodging        | |  2.6
Stealth        | |  1.0

Action                   |  1- 3 |  4- 6 || total
-------------------------+-------+-------++-------
Melee: Unarmed           |    63 |    81 ||   144
       Punch             |     1 |     2 ||     3
  Use: Scroll            |       |     3 ||     3
 Stab: Sleeping          |       |     2 ||     2
  Eat: Chunk             |     8 |    11 ||    19
Armor: Robe              |    21 |    21 ||    42
Dodge: Dodged            |    40 |    48 ||    88
